TOP OF THE 1ST |
University of Michigan Wolverines batting - Pitching for Washington State University Cougars : RHP Steve Cooper
|
Pitching: RHP Steve Cooper
|
|
Batting: RHB Gerard Gordijn
|
0-0: Ball 1-0: Ball 2-0: Ball 3-0: Foul Ball, location: 2F 3-1: Called Strike 3-2: Foul Ball, location: 2F 3-2: Strikes out swinging
|
Batting: RHB Wendell Sarkies
|
0-0: Called Strike 0-1: Ball 1-1: Fly out, F8 (Flyball, 8RD, EV 90.6 MPH)
|
Batting: RHB Walter Fisher
|
0-0: Ground out 4-3 (Groundball, 4D, EV 86.2 MPH)
|
Top of the 1st over - 0 runs, 0 hits, 0 errors, 0 left on base; University of Michigan 0 - Washington State University 0 |
BOTTOM OF THE 1ST |
Washington State University Cougars batting - Pitching for University of Michigan Wolverines : RHP Adam Timmons
|
Pitching: RHP Adam Timmons
|
|
Batting: LHB David Jackson
|
0-0: Called Strike 0-1: Ball 1-1: Ball 2-1: Ball 3-1: Ground out 4-3 (Groundball, 4, EV 105.0 MPH)
|
Batting: RHB Mas Langat
|
0-0: Fly out, F6 (Popup, 6M, EV 70.6 MPH)
|
Batting: LHB Scott Spillers
|
0-0: SOLO HOME RUN (Flyball, 89XD, EV 103.8 MPH), Distance : 425 ft
|
Batting: SHB Juan Delanoval
|
0-0: Foul Ball, location: 2F 0-1: Ball 1-1: Foul Ball, location: 2F 1-2: Foul Ball, location: 2F 1-2: SINGLE (Groundball, 4D, EV 96.9 MPH)
|
Batting: LHB Israel Ariza
|
0-0: Ball 1-0: Foul Ball, location: 2F 1-1: Called Strike 1-2: SINGLE (Groundball, 34D, EV 96.9 MPH) Juan Delanoval to second Runner from 2nd tries for 3rd, SAFE, no throw by RF
|
Batting: RHB Miguel Paredes
|
0-0: Ball 1-0: Ball 2-0: Ball 3-0: Base on Balls Israel Ariza to second
|
Batting: RHB Wambua Ewansiha
|
0-0: Ball 1-0: Called Strike 1-1: Swinging Strike 1-2: Strikes out swinging
|
Bottom of the 1st over - 1 run, 3 hits, 0 errors, 3 left on base; University of Michigan 0 - Washington State University 1 |
TOP OF THE 2ND |
University of Michigan Wolverines batting - Pitching for Washington State University Cougars : RHP Steve Cooper
|
Batting: RHB Mike Harden
|
0-0: Ball 1-0: SOLO HOME RUN (Flyball, 9D, EV 97.5 MPH), Distance : 400 ft
|
Batting: RHB Chris Williamson
|
0-0: Ball 1-0: Ball 2-0: Ball 3-0: Called Strike 3-1: Base on Balls
|
Batting: RHB Angus Shanahan
|
0-0: Ball 1-0: Swinging Strike 1-1: Foul Ball, location: 2F 1-2: Ball 2-2: Fly out, F7 (Flyball, 7, EV 95.0 MPH)
|
Batting: SHB Phillip Blake
|
0-0: Swinging Strike 0-1: Ball 1-1: Ball 2-1: Fly out, F8 (Flyball, 78M, EV 91.2 MPH)
|
Batting: SHB Elvis Hoying
|
0-0: Called Strike 0-1: Ball 1-1: Foul Ball, location: 2F 1-2: Strikes out swinging
|
Top of the 2nd over - 1 run, 1 hit, 0 errors, 1 left on base; University of Michigan 1 - Washington State University 1 |
BOTTOM OF THE 2ND |
Washington State University Cougars batting - Pitching for University of Michigan Wolverines : RHP Adam Timmons
|
Batting: RHB Ryan Toth
|
0-0: Ball 1-0: Called Strike 1-1: Swinging Strike 1-2: Strikes out swinging
|
Batting: RHB Ron Essink
|
0-0: DOUBLE (Line Drive, 7LS, EV 101.2 MPH)
|
Batting: LHB David Jackson
|
0-0: Ball 1-0: Ball 2-0: Ball 3-0: Called Strike 3-1: Reached on error, E5 (Groundball, 56S, EV 81.2 MPH) Ron Essink to third
|
Batting: RHB Mas Langat
|
0-0: Ball 1-0: Ball 2-0: Called Strike 2-1: Foul Ball, location: 2F 2-2: Foul Ball, location: 2F 2-2: Ball 3-2: Foul Ball, location: 2F 3-2: Grounds into double play, 4-6-3 (Groundball, 4, EV 103.1 MPH)
|
Bottom of the 2nd over - 0 runs, 1 hit, 1 error, 1 left on base; University of Michigan 1 - Washington State University 1 |
TOP OF THE 3RD |
University of Michigan Wolverines batting - Pitching for Washington State University Cougars : RHP Steve Cooper
|
Batting: LHB Lance Sabo
|
0-0: Foul Ball, location: 2F 0-1: Foul Ball, location: 2F 0-2: Foul Ball, location: 2F 0-2: Ball 1-2: Ground out 1-3 (Groundball, P, EV 68.8 MPH)
|
Batting: RHB Gerard Gordijn
|
0-0: Ball 1-0: Called Strike 1-1: DOUBLE (Line Drive, 78M, EV 103.1 MPH)
|
Batting: RHB Wendell Sarkies
|
0-0: Foul Ball, location: 2F 0-1: Foul Ball, location: 2F 0-2: Ball 1-2: Ground out 5-3 (Groundball, 56, EV 103.1 MPH)
|
Batting: RHB Walter Fisher
|
0-0: 2-RUN HOME RUN (Flyball, 78XD, EV 108.8 MPH), Distance : 446 ft
|
Batting: RHB Mike Harden
|
0-0: Fly out, F8 (Flyball, 8RXD, EV 100.0 MPH)
|
Top of the 3rd over - 2 runs, 2 hits, 0 errors, 0 left on base; University of Michigan 3 - Washington State University 1 |
BOTTOM OF THE 3RD |
Washington State University Cougars batting - Pitching for University of Michigan Wolverines : RHP Adam Timmons
|
Batting: LHB Scott Spillers
|
0-0: Called Strike 0-1: Ground out 4-3 (Groundball, 4M, EV 82.5 MPH)
|
Batting: SHB Juan Delanoval
|
0-0: Ball 1-0: Ball 2-0: Called Strike 2-1: Swinging Strike 2-2: Fly out, F7 (Flyball, 7, EV 78.8 MPH)
|
Batting: LHB Israel Ariza
|
0-0: Ball 1-0: Called Strike 1-1: Foul Ball, location: 2F 1-2: Foul Ball, location: 2F 1-2: Fly out, F8 (Flyball, 8RS, EV 85.6 MPH)
|
Bottom of the 3rd over - 0 runs, 0 hits, 0 errors, 0 left on base; University of Michigan 3 - Washington State University 1 |
TOP OF THE 4TH |
University of Michigan Wolverines batting - Pitching for Washington State University Cougars : RHP Steve Cooper
|
Batting: RHB Chris Williamson
|
0-0: Ball 1-0: Foul Ball, location: 2F 1-1: Ball 2-1: Fly out, F6 (Flyball, 6MD, EV 91.9 MPH)
|
Batting: RHB Angus Shanahan
|
0-0: Called Strike 0-1: Ground out 6-3 (Groundball, P, EV 85.0 MPH)
|
Batting: SHB Phillip Blake
|
0-0: Fly out, F7 (Flyball, 78M, EV 92.5 MPH)
|
Top of the 4th over - 0 runs, 0 hits, 0 errors, 0 left on base; University of Michigan 3 - Washington State University 1 |
BOTTOM OF THE 4TH |
Washington State University Cougars batting - Pitching for University of Michigan Wolverines : RHP Adam Timmons
|
Batting: RHB Miguel Paredes
|
0-0: Ball 1-0: Ball 2-0: Fly out, F5 (Popup, 5F, EV 77.5 MPH)
|
Batting: RHB Wambua Ewansiha
|
0-0: Called Strike 0-1: Ground out 6-3 (Groundball, 6, EV 82.5 MPH)
|
Batting: RHB Ryan Toth
|
0-0: Ball 1-0: Foul Ball, location: 2F 1-1: Ball 2-1: Ball 3-1: Swinging Strike 3-2: Ground out 4-3 (Groundball, 4D, EV 88.1 MPH)
|
Bottom of the 4th over - 0 runs, 0 hits, 0 errors, 0 left on base; University of Michigan 3 - Washington State University 1 |
TOP OF THE 5TH |
University of Michigan Wolverines batting - Pitching for Washington State University Cougars : RHP Steve Cooper
|
Batting: SHB Elvis Hoying
|
0-0: Ground out 4-3 (Groundball, 34, EV 80.0 MPH)
|
Batting: LHB Lance Sabo
|
0-0: Swinging Strike 0-1: Swinging Strike 0-2: Foul Ball, location: 2F 0-2: Strikes out swinging, 2-3 out at first.
|
Batting: RHB Gerard Gordijn
|
0-0: Ball 1-0: Swinging Strike 1-1: Ground out 5-3 (Groundball, 56S, EV 86.9 MPH)
|
Top of the 5th over - 0 runs, 0 hits, 0 errors, 0 left on base; University of Michigan 3 - Washington State University 1 |
BOTTOM OF THE 5TH |
Washington State University Cougars batting - Pitching for University of Michigan Wolverines : RHP Adam Timmons
|
Batting: RHB Ron Essink
|
0-0: Ball 1-0: Reached on error, E5 (Groundball, 56, EV 80.0 MPH)
|
Batting: LHB David Jackson
|
0-0: Called Strike 0-1: Called Strike 0-2: Fly out, F7 (Flyball, 7, EV 74.4 MPH)
|
Batting: RHB Mas Langat
|
0-0: Fly out, F4 (Flyball, 4MD, EV 87.5 MPH)
|
Batting: LHB Scott Spillers
|
0-0: Called Strike 0-1: Swinging Strike 0-2: Ball 1-2: Strikes out looking
|
Bottom of the 5th over - 0 runs, 0 hits, 1 error, 1 left on base; University of Michigan 3 - Washington State University 1 |
TOP OF THE 6TH |
University of Michigan Wolverines batting - Pitching for Washington State University Cougars : RHP Steve Cooper
|
Batting: RHB Wendell Sarkies
|
0-0: Foul Ball, location: 2F 0-1: Ball 1-1: Called Strike 1-2: Ball 2-2: Foul Ball, location: 2F 2-2: Strikes out looking
|
Batting: RHB Walter Fisher
|
0-0: Ball 1-0: Fly out, F7 (Line Drive, 7, EV 96.9 MPH)
|
Batting: RHB Mike Harden
|
0-0: Called Strike 0-1: Ball 1-1: Ball 2-1: Foul Ball, location: 2F 2-2: Foul Ball, location: 2F 2-2: Strikes out looking
|
Top of the 6th over - 0 runs, 0 hits, 0 errors, 0 left on base; University of Michigan 3 - Washington State University 1 |
BOTTOM OF THE 6TH |
Washington State University Cougars batting - Pitching for University of Michigan Wolverines : RHP Adam Timmons
|
Batting: SHB Juan Delanoval
|
0-0: Ball 1-0: Called Strike 1-1: Ball 2-1: Foul Ball, location: 2F 2-2: Foul Ball, location: 2F 2-2: Strikes out swinging
|
Batting: LHB Israel Ariza
|
0-0: Ball 1-0: Ground out 4-3 (Groundball, 4, EV 86.9 MPH)
|
Batting: RHB Miguel Paredes
|
0-0: Ball 1-0: Called Strike 1-1: Swinging Strike 1-2: Foul Ball, location: 2F 1-2: Fly out, F5 (Popup, 5, EV 65.6 MPH)
|
Bottom of the 6th over - 0 runs, 0 hits, 0 errors, 0 left on base; University of Michigan 3 - Washington State University 1 |
TOP OF THE 7TH |
University of Michigan Wolverines batting - Pitching for Washington State University Cougars : RHP Steve Cooper
|
Batting: RHB Chris Williamson
|
0-0: Called Strike 0-1: Ball 1-1: Ball 2-1: Swinging Strike 2-2: Strikes out looking
|
Batting: RHB Angus Shanahan
|
0-0: Called Strike 0-1: Ground out 6-3 (Groundball, 6, EV 90.6 MPH)
|
Batting: SHB Phillip Blake
|
0-0: Swinging Strike 0-1: Foul Ball, location: 2F 0-2: Strikes out swinging
|
Top of the 7th over - 0 runs, 0 hits, 0 errors, 0 left on base; University of Michigan 3 - Washington State University 1 |
BOTTOM OF THE 7TH |
Washington State University Cougars batting - Pitching for University of Michigan Wolverines : RHP Adam Timmons
|
Pitching: RHP Dave Catano
|
|
Batting: RHB Wambua Ewansiha
|
0-0: Swinging Strike 0-1: Ball 1-1: Ground out 5-3 (Groundball, 56S, EV 90.0 MPH)
|
Batting: RHB Ryan Toth
|
0-0: Called Strike 0-1: Ball 1-1: DOUBLE (Groundball, 5L, EV 104.4 MPH)
|
Batting: RHB Ron Essink
|
0-0: Ball Wild Pitch! Ryan Toth to third 1-0: Ball 2-0: Called Strike 2-1: Foul Ball, location: 2F 2-2: Ball 3-2: Fly out, F8 (Flyball, 8LD, EV 102.5 MPH) Runner from 3rd tags up, OUT at HOME! 8-2
|
Bottom of the 7th over - 0 runs, 1 hit, 0 errors, 0 left on base; University of Michigan 3 - Washington State University 1 |
TOP OF THE 8TH |
University of Michigan Wolverines batting - Pitching for Washington State University Cougars : RHP Steve Cooper
|
Batting: SHB Elvis Hoying
|
0-0: Ball 1-0: Ball 2-0: Reached on error, E6 (Groundball, 6, EV 84.4 MPH)
|
Pitching: RHP Teddy Barber
|
|
Batting: LHB Lance Sabo
|
0-0: Foul Ball, location: 2F 0-1: Sac Bunt to 23 - play at first, batter OUT! 3-4 Elvis Hoying to second
|
Batting: RHB Gerard Gordijn
|
0-0: Called Strike 0-1: Fly out, F6 (Line Drive, 6M, EV 84.4 MPH)
|
Batting: RHB Wendell Sarkies
|
0-0: Swinging Strike 0-1: Foul Ball, location: 2F 0-2: Ground out 5-3 (Groundball, 56S, EV 61.9 MPH)
|
Top of the 8th over - 0 runs, 0 hits, 1 error, 1 left on base; University of Michigan 3 - Washington State University 1 |
BOTTOM OF THE 8TH |
Washington State University Cougars batting - Pitching for University of Michigan Wolverines : RHP Dave Catano
|
Pitching: LHP Danny Warner
|
|
Now at 1B: Murdock Cranton
|
|
Now in RF: Lance Sabo
|
|
Batting: LHB David Jackson
|
0-0: Ball 1-0: Ball 2-0: Ball 3-0: Base on Balls
|
Pitching: LHP Kunikazu Ishida
|
|
Batting: RHB Mas Langat
|
0-0: Ball 1-0: Called Strike 1-1: Ball 2-1: SINGLE (Groundball, P, EV 84.4 MPH) (infield hit) David Jackson to second
|
Batting: LHB Scott Spillers
|
0-0: Fly out, F9 (Line Drive, 9LM, EV 107.5 MPH) Runner from 2nd tags up, SAFE at 3rd with throw by RF
|
Batting: SHB Juan Delanoval
|
0-0: Called Strike 0-1: Ball 1-1: Fly out, F9 (Flyball, 9D, EV 105.0 MPH) Runner from 3rd tags up, SCORES, no throw by RF
|
Batting: LHB Israel Ariza
|
0-0: Ground out U3 (Groundball, 3, EV 92.5 MPH)
|
Bottom of the 8th over - 1 run, 1 hit, 0 errors, 1 left on base; University of Michigan 3 - Washington State University 2 |
TOP OF THE 9TH |
University of Michigan Wolverines batting - Pitching for Washington State University Cougars : RHP Teddy Barber
|
Pitching: RHP Manuel Santiago
|
|
Batting: RHB Walter Fisher
|
0-0: Ball 1-0: Called Strike 1-1: SINGLE (Line Drive, 8LS, EV 89.4 MPH)
|
Batting: RHB Mike Harden
|
0-0: Called Strike 0-1: Grounds into double play, 6-4-3 (Groundball, 6, EV 84.4 MPH)
|
Batting: RHB Chris Williamson
|
0-0: Called Strike 0-1: Ball 1-1: Foul Ball, location: 2F 1-2: SINGLE (Groundball, 4MD, EV 99.4 MPH)
|
Batting: RHB Angus Shanahan
|
0-0: Called Strike 0-1: Swinging Strike 0-2: Foul Ball, location: 2F 0-2: Fly out, F8 (Flyball, 8RS, EV 93.8 MPH)
|
Top of the 9th over - 0 runs, 2 hits, 0 errors, 1 left on base; University of Michigan 3 - Washington State University 2 |
BOTTOM OF THE 9TH |
Washington State University Cougars batting - Pitching for University of Michigan Wolverines : LHP Kunikazu Ishida
|
Pitching: RHP Tom DuBois
|
|
Batting: RHB Miguel Paredes
|
0-0: Swinging Strike 0-1: Foul Ball, location: 2F 0-2: Ball 1-2: Strikes out swinging
|
Batting: RHB Wambua Ewansiha
|
0-0: Foul Ball, location: 2F 0-1: Called Strike 0-2: Ball 1-2: Ball 2-2: Strikes out swinging
|
Batting: RHB Ryan Toth
|
0-0: Ball 1-0: Foul Ball, location: 2F 1-1: Foul Ball, location: 2F 1-2: Ball 2-2: SINGLE (Line Drive, 3D, EV 103.8 MPH)
|
Batting: RHB Ron Essink
|
0-0: Called Strike 0-1: Ball 1-1: Ball 2-1: Fielders Choice at 2nd, 6-4 (Groundball, 6, EV 80.6 MPH)
|
Bottom of the 9th over - 0 runs, 1 hit, 0 errors, 1 left on base; University of Michigan 3 - Washington State University 2 |
|